 Dungeon Crawl Stone Soup version 0.31-a0-963-ga325b2283a (webtiles) character file.

Game seed: 5150740471896174271

800 Azuregosa the Covert (level 7, -4/46 HPs)
             Began as an Octopode Delver on Oct 24, 2023.
             Was a Follower of Dithmenos.
             Slain by an orc warrior
             ... wielding a +0 glaive
              (13 damage)
             ... on level 6 of the Dungeon.
             The game lasted 00:12:37 (4388 turns).

Azuregosa the Covert (Octopode Delver)              Turns: 4388, Time: 00:12:38

Health: -4/46      AC:  1    Str: 17    XL:     7   Next: 90%
Magic:  9/9        EV: 13    Int: 14    God:    Dithmenos [*.....]
Gold:   3          SH:  5    Dex: 14    Spells: 6/9 levels left

rFire   . . .        r - +3 quarterstaff (chaos)
rCold   . . .        (shield currently unavailable)
rNeg    + . .        (helmet restricted)
rPois   .            F - amulet of reflection
rElec   .            t - ring of see invisible
rCorr   .            y - +6 ring of strength
SInv    +            z - ring of willpower
Will    +....        s - ring of positive energy
Stlth   ++++++       (no ring)
HPRegen 0.27/turn    (no ring)
MPRegen 0.11/turn    (no ring)
                     (no ring)

%: reflection
@: wreathed by umbra
A: almost no armour, amphibious, 8 rings, camouflage 1, gelatinous body 1,
(nimble swimmer 1), tentacles
a: Renounce Religion


You were on level 6 of the Dungeon.
You worshipped Dithmenos.
Dithmenos was aware of your devotion.
You visited 2 branches of the dungeon, and saw 7 of its levels.

You collected 262 gold pieces.
You spent 259 gold pieces at shops.

Inventory:

Hand Weapons
 a - a +0 spear
 r - a +3 quarterstaff of chaos (weapon)
 w - a +0 halberd
 B - a +0 hand axe of electrocution
 D - a +0 dagger of venom
 J - a +1 dagger of venom
Missiles
 h - 6 poisoned darts
 i - 24 stones
 K - 3 boomerangs
Armour
 I - an orb of energy
Jewellery
 s - a ring of positive energy (on tentacle)
 t - a ring of see invisible (left tentacle)
 y - a +6 ring of strength (right tentacle)
 z - a ring of willpower (on tentacle)
 F - an amulet of reflection (around mantle)
Talismans
 g - a beast talisman
 q - a beast talisman
Wands
 f - a wand of digging (3)
 C - a wand of mindburst (8)
Scrolls
 b - 2 scrolls of fog
 d - a scroll of fear
 j - 7 scrolls of teleportation
 l - 2 scrolls of enchant weapon {unknown}
 m - 8 scrolls of identify {unknown}
 p - a scroll of enchant armour {unknown}
 v - a scroll of poison {unknown}
 x - 4 scrolls of revelation
 A - a scroll of silence {unknown}
 E - a scroll of summoning {unknown}
 G - 3 scrolls of vulnerability {unknown}
 H - a scroll of noise {unknown}
 L - a scroll of immolation
 M - a scroll of amnesia
 N - a scroll of blinking
Potions
 c - a potion of degeneration {unknown}
 e - a potion of haste
 k - a potion of mutation {unknown}
 n - 2 potions of curing {unknown}
 o - a potion of invisibility {unknown}
 u - 2 potions of heal wounds {unknown}


   Skills:
 + Level 3.6 Fighting
 - Level 2.0(3.1) Polearms
 + Level 3.8(4.1) Staves
 - Level 2.0 Dodging
 - Level 10.0 Stealth
 + Level 0.9 Shields
 * Level 1.7 Spellcasting
 * Level 2.0 Conjurations
 * Level 1.9 Air Magic
 * Level 2.5 Poison Magic


You had 6 spell levels left.
You knew the following spells:

 Your Spells              Type           Power      Damage    Failure   Level
a - Mephitic Cloud        Conj/Pois/Air  7%         N/A       30%         3

Your spell library contained the following spells:

 Spells                   Type           Power      Damage    Failure   Level
 Sting                    Tmut/Pois      16%        1d3       14%         1
 Poisonous Vapours        Pois/Air       14%        N/A       14%         2
 Static Discharge         Conj/Air       12%        3-4/arc   16%         2
 Slow                     Hex            4%         N/A       24%         1
 Confusing Touch          Hex            1%         N/A       58%         3
 Sigil of Binding         Hex            1%         N/A       58%         3
 Vampiric Draining        Necr           1%         2d6       58%         3
 Olgreb's Toxic Radiance  Pois           8%         N/A       65%         4
 Airstrike                Air            3%         2d(1-17)  71%         4
 Summon Lightning Spire   Summ/Air       4%         N/A       85%         4
 Freezing Cloud           Conj/Ice/Air   2%         6-21      98%         5


Dungeon Overview and Level Annotations

Branches:
Dungeon (6/15)             Temple (1/1) D:4

Altars:
Ashenzari
Cheibriados
Dithmenos
Elyvilon
Fedhas
Nemelex Xobeh
Okawaru
Qazlal
Trog
Uskayaw
Xom
Zin
The Shining One

Shops:
D:1 ?


Innate Abilities, Weirdness & Mutations

You cannot wear most types of armour.
You are amphibious.
You can wear up to eight rings at the same time.
Your skin changes colour to match your surroundings (Stealth+).
Your rubbery body absorbs attacks. (AC +1, EV +1)
((You are camouflaged when in or above water. (Stealth+)))
You have tentacles for arms and can constrict up to eight enemies at once.


Message History

You kill the orc wizard!
Dithmenos accepts your kill.
You barely miss the bullfrog. Your grab misses the bullfrog.
The bullfrog hits you! The bullfrog closely misses you.
The orc warrior barely misses you.
You sock the bullfrog! You freeze the bullfrog! You grab the bullfrog.
The bullfrog is almost dead.
You constrict the bullfrog.
You kill the bullfrog!
Dithmenos accepts your kill.
The orc warrior hits you from afar with a +0 glaive!
Your Conjurations skill increases to level 2!
There is a stone staircase leading up here.
You block the orc warrior's attack.
You climb upwards.
There is a stone staircase leading down here.
You start resting.
HP restored.
You climb downwards.
There is a stone staircase leading up here.
Items here: )) [ ÷ ††.
The orc warrior hits you with a +0 glaive!
You completely miss the orc warrior. You grab the orc warrior.
You constrict the orc warrior, but do no damage.
The orc warrior misses you.
You hit the orc warrior.
You feel better.
The orc warrior is lightly wounded.
You constrict the orc warrior, but do no damage.
The orc warrior barely misses you.
You hit the orc warrior.
You squeeze the orc warrior, but do no damage.
The orc warrior is lightly wounded.
You constrict the orc warrior.
The orc warrior hits you with a +0 glaive!!
* * * LOW HITPOINT WARNING * * *
You hit the orc warrior but do no damage.
The orc warrior is moderately wounded.
You constrict the orc warrior, but do no damage.
The orc warrior hits you with a +0 glaive!
You die...

##...##
##.....##
##.......##
#.........#
+....?....+
#.........#
#..o....#
####@....#
#..).....#
#<####+#.#
#.# # #.#
... #..
####


You could see an orc warrior.

Vanquished Creatures
  A water moccasin (D:5)
  A black bear (D:5)
  An ogre (D:5)
  A bullfrog (D:6)
  3 scorpions
  Crazy Yiuf (D:2)
  An iguana (D:4)
  An orc wizard (D:6)
  4 gnolls
  5 adders
  6 ufetubi
  A worm (D:5)
  3 dart slugs (D:3)
  2 orcs
  9 ball pythons
  4 bats
  10 endoplasms
  3 giant cockroaches
  4 goblins (D:1)
  7 hobgoblins
  10 kobolds
  4 quokkas
  6 frilled lizards
  8 rats
96 creatures vanquished.

Notes
Turn   | Place    | Note
-------+----------+-------------------------------------------
     0 | D:5      | Azuregosa the Octopode Delver began the quest for the Orb.
     0 | D:5      | Reached XP level 1. HP: 16/16 MP: 1/1
     2 | D:6      | Noticed a black bear
    74 | D:4      | Noticed a scorpion
   112 | D:4      | Noticed a scorpion
   211 | D:3      | Found a blossoming altar of Fedhas.
   242 | D:3      | Found a shadowy altar of Dithmenos.
   250 | D:3      | Reached skill level 7 in Stealth
   256 | D:3      | Reached XP level 2. HP: 14/21 MP: 2/2
   432 | D:2      | Reached XP level 3. HP: 26/26 MP: 3/3
   467 | D:1      | Found Lekhlier's Magic Scroll Shoppe.
   473 | D:1      | Bought a scroll of teleportation for 42 gold pieces
   480 | D:1      | Reached skill level 8 in Stealth
   770 | D:1      | Reached XP level 4. HP: 31/31 MP: 4/4
  1031 | D:2      | Found a runed translucent door.
  1032 | D:2      | Noticed Crazy Yiuf
  1043 | D:2      | Killed Crazy Yiuf
  1044 | D:2      | Reached skill level 9 in Stealth
  1760 | D:3      | Found a broken altar of Ashenzari.
  1774 | D:3      | Reached XP level 5. HP: 29/36 MP: 5/5
  1885 | D:3      | Became a worshipper of Dithmenos the Shadowed
  2135 | D:3      | Reached skill level 1 in Staves
  2135 | D:3      | Reached skill level 10 in Stealth
  2473 | D:3      | Learned a level 3 spell: Mephitic Cloud
  2538 | D:4      | Reached XP level 6. HP: 42/42 MP: 6/6
  2632 | D:4      | Found a staircase to the Ecumenical Temple.
  2639 | Temple   | Entered the Ecumenical Temple
  2768 | D:4      | Reached * piety under Dithmenos
  2769 | D:4      | Reached skill level 1 in Poison Magic
  3224 | D:5      | Reached skill level 1 in Conjurations
  3529 | D:5      | Noticed a black bear
  3534 | D:5      | Killed a black bear
  3535 | D:5      | Reached skill level 1 in Spellcasting
  3535 | D:5      | Reached skill level 1 in Air Magic
  3535 | D:5      | Reached XP level 7. HP: 33/46 MP: 8/8
  4064 | D:1      | Bought a scroll of immolation for 56 gold pieces
  4064 | D:1      | Bought a scroll of amnesia for 56 gold pieces
  4064 | D:1      | Bought a scroll of blinking for 105 gold pieces
  4388 | D:6      | Slain by an orc warrior

Illustrated notes

Levels and vault maps discovered:
D:1:      dpeg_arrival_solitude, layout_rooms, serial_shops, shop,
          nicolae_grassy_gnolls
D:2:      layout_basic, uniq_crazy_yiuf_cottage
D:3:      layout_basic, ashenzari_altar_1,
          mainiacjoe_overflow_concentric_impassable,
          mainiacjoe_overflow_catwalk, minmay_misc_feat_x
D:4:      cheibrodos_helix_gallery, layout_basic, minmay_temple_entry_wispy
D:5:      layout_loops_ring, hex_tiny, nicolae_elevator_lobby_plus
D:6:      minmay_evil_eye, layout_loops_corners, nicolae_vehumet_altar_sigil,
          nicolae_overflow_macrodata_refinement,
          nicolae_yredelemnul_corpse_copse
Temple:   chequers_temple_sunken

Skill      XL: |  1  2  3  4  5  6  7 |
---------------+----------------------+-----
Stealth        | 7 8 9 10 | 10.0
Staves         | 1 2 3 |  3.8
Poison Magic   | 1 2 |  2.5
Conjurations   | 1 2 |  2.0
Spellcasting   | 1 |  1.7
Air Magic      | 1 |  1.9
Fighting       | |  3.6
Polearms       | |  2.0
Dodging        | |  2.0
Shields        | |  0.9

Action                     |  1- 3 |  4- 6 |  7- 9 || total
---------------------------+-------+-------+-------++-------
  Melee: Spear             |    69 |    21 |       ||    90
         Constrict         |    21 |    17 |     7 ||    45
         Tentacles         |    11 |     9 |     6 ||    26
         Punch             |     1 |     1 |       ||     2
         Quarterstaff      |       |    72 |    23 ||    95
    Use: Scroll            |     1 |       |       ||     1
   Stab: Sleeping          |    13 |    15 |       ||    28
         Distracted        |     1 |       |       ||     1
 Armour: Skin              |    16 |    42 |    14 ||    72
  Dodge: Dodged            |    34 |    59 |    21 ||   114
  Block: Other             |       |    12 |     9 ||    21

Table legend: (Time is in decaauts)
 A = Elapsed time spent in this place.
 B = Non-inter-level travel time spent in this place.
 C = Inter-level travel time spent in this place.
 D = Time resting spent in this place.
 E = Time spent auto-exploring this place.
 F = Levels seen in this place.
 G = Mean time per level.
                   A        B        C        D        E       F      G
               +--------+--------+--------+--------+--------+-----+--------+
         Total |   4409 |   4113 |    296 |    629 |   2559 |   7 |  629.9 |
       Dungeon |   4408 |   4112 |    296 |    629 |   2559 |   6 |  734.7 |
        Temple |      1 |      1 |      0 |      0 |      0 |   1 |    1.0 |
               +--------+--------+--------+--------+--------+-----+--------+

Top non-repeatable levels by time:
     D:2: 1087 daAuts
     D:5: 1066 daAuts
     D:3: 930 daAuts
     D:4: 849 daAuts
     D:1: 441 daAuts
     D:6: 33 daAuts
  Temple: 1 daAuts
